PA
SYRACUSE STORM @ SOUTH BEACH BLAZE
08/27/2020
 
TOP OF THE 1ST
Syracuse Storm batting - Pitching for South Beach Blaze : LHP Vitorio Méndez
Pitching: LHP Vitorio Méndez
Batting: RHB Pedro Santos 0-0: Ball
1-0: Foul Ball, location: 2F
1-1: Swinging Strike
1-2: Strikes out swinging
Batting: RHB Jarred Morgan 0-0: Ball
1-0: Foul Ball, location: 2F
1-1: Foul Ball, location: 2F
1-2: Ground out 5-3 (Groundball, 5)
Batting: RHB Scotty Anderson 0-0: SINGLE (Groundball, 6MD)
Batting: LHB Mario Ramos 0-0: Ball
1-0: Swinging Strike
1-1: Ball
2-1: Foul Ball, location: 2F
2-2: Ball
3-2: Ground out U3 (Groundball, 3S)
Top of the 1st over - 0 run(s), 1 hit(s), 0 error(s), 1 left on base; Syracuse 0 - South Beach 0
BOTTOM OF THE 1ST
South Beach Blaze batting - Pitching for Syracuse Storm : LHP Allen Yohemas
Pitching: LHP Allen Yohemas
Batting: RHB Jorge Maestas 0-0: Called Strike
0-1: Ball
1-1: Foul Ball, location: 2F
1-2: Strikes out swinging
Batting: LHB Tomás Mejía 0-0: DOUBLE (Line Drive, 89M)
Batting: RHB León Domínguez 0-0: Called Strike
0-1: Ball
1-1: SINGLE (Groundball, 6MD)
Tomás Mejía to third
Runner from 3rd tries for Home, SAFE, no throw or cutoff
Pitching: RHP José Gutiérrez
Batting: RHB Lloyd Alberink 0-0: Ball
1-0: Fly out, F8 (Flyball, 89M)
Batting: RHB Randy Rehling 0-0: Called Strike
0-1: Ball
1-1: Called Strike
1-2: Fly out, F3 (Line Drive, 34)
Bottom of the 1st over - 1 run(s), 2 hit(s), 0 error(s), 1 left on base; Syracuse 0 - South Beach 1
TOP OF THE 2ND
Syracuse Storm batting - Pitching for South Beach Blaze : LHP Vitorio Méndez
Batting: SHB Arnold Cramer 0-0: Hit by Pitch
Batting: RHB Jorge López 0-0: Called Strike
0-1: Foul Ball, location: 2F
0-2: Ball
1-2: SINGLE (Groundball, 4MD)
Arnold Cramer to second
Batting: RHB Juan Salinas 0-0: Fielders Choice at 2nd, 5-4 (Groundball, 56)
Arnold Cramer to third
Batting: LHB Joaquín Rangel 0-0: Called Strike
0-1: Ball
1-1: Foul Ball, location: 2F
1-2: Ball
Juan Salinas steals 2nd base
2-2: SINGLE (Line Drive, 4D)
Arnold Cramer scores
Juan Salinas to third
Runner from 3rd tries for Home, SAFE, throw made home
Joaquín Rangel to second
Batting: RHB Carlos Maldonado 0-0: Ball
1-0: Swinging Strike
1-1: Called Strike
Joaquín Rangel steals 3rd base
1-2: Reached on error, E6 (Groundball, 6M)
Joaquín Rangel scores
Batting: RHB Pedro Santos 0-0: Foul Ball, location: 2F
0-1: 2-RUN HOME RUN (Flyball, 78XD), Distance : 444 ft
Batting: RHB Jarred Morgan 0-0: Ball
1-0: Ball
2-0: Called Strike
2-1: Foul Ball, location: 2F
2-2: Foul Ball, location: 2F
2-2: SINGLE (Flyball, 8LS)
Batting: RHB Scotty Anderson 0-0: Ball
1-0: Called Strike
1-1: Called Strike
1-2: Strikes out swinging
Batting: LHB Mario Ramos 0-0: Called Strike
0-1: Ball
1-1: Ball
2-1: Ball
3-1: 2-RUN HOME RUN (Flyball, 8RXD), Distance : 445 ft
Batting: SHB Arnold Cramer 0-0: Ball
1-0: Fly out, F7 (Flyball, 78M)
Top of the 2nd over - 7 run(s), 5 hit(s), 1 error(s), 0 left on base; Syracuse 7 - South Beach 1
BOTTOM OF THE 2ND
South Beach Blaze batting - Pitching for Syracuse Storm : RHP José Gutiérrez
Batting: RHB Júlio Molina 0-0: Foul Ball, location: 2F
0-1: Foul Ball, location: 2F
0-2: Fly out, F8 (Flyball, 78M)
Batting: SHB Miguel Pérez 0-0: Ball
1-0: Called Strike
1-1: Foul Ball, location: 2F
1-2: Foul Ball, location: 2F
1-2: Foul Ball, location: 2F
1-2: Foul Ball, location: 2F
1-2: Ball
2-2: Ball
3-2: SINGLE (Flyball, 8LS)
Batting: LHB Gregg Young 0-0: Swinging Strike
0-1: Ball
1-1: Ball
2-1: Swinging Strike
2-2: Foul Ball, location: 2F
2-2: Foul Ball, location: 2F
2-2: DOUBLE (Groundball, 3L)
Miguel Pérez to third
Batting: RHB Ted Cook 0-0: Fly out, F5 (Popup, 56S)
Batting: RHB Jorge Maestas 0-0: Swinging Strike
0-1: Fly out, F8 (Flyball, 8LM)
Bottom of the 2nd over - 0 run(s), 2 hit(s), 0 error(s), 2 left on base; Syracuse 7 - South Beach 1
TOP OF THE 3RD
Syracuse Storm batting - Pitching for South Beach Blaze : LHP Vitorio Méndez
Batting: RHB Jorge López 0-0: Ground out 6-3 (Groundball, 56)
Batting: RHB Juan Salinas 0-0: Reached on error, E5 (Groundball, 5)
Batting: LHB Joaquín Rangel 0-0: SINGLE (Line Drive, 4MD)
Juan Salinas to third
Runner from 3rd tries for Home, throw and OUT!
Joaquín Rangel to second
Batting: RHB Carlos Maldonado 0-0: Ball
1-0: Ball
2-0: Foul Ball, location: 2F
2-1: Swinging Strike
2-2: Ball
3-2: Foul Ball, location: 2F
3-2: Strikes out swinging
Top of the 3rd over - 0 run(s), 1 hit(s), 1 error(s), 1 left on base; Syracuse 7 - South Beach 1
BOTTOM OF THE 3RD
South Beach Blaze batting - Pitching for Syracuse Storm : RHP José Gutiérrez
Batting: LHB Tomás Mejía 0-0: Called Strike
0-1: Ball
1-1: Called Strike
1-2: Ground out 4-3 (Groundball, 4)
Batting: RHB León Domínguez 0-0: Ball
1-0: Foul Ball, location: 2F
1-1: Ball
2-1: Ball
3-1: Called Strike
3-2: Foul Ball, location: 2F
3-2: Strikes out looking
Batting: RHB Lloyd Alberink 0-0: Called Strike
0-1: Fly out, F4 (Popup, 4)
Bottom of the 3rd over - 0 run(s), 0 hit(s), 0 error(s), 0 left on base; Syracuse 7 - South Beach 1
TOP OF THE 4TH
Syracuse Storm batting - Pitching for South Beach Blaze : LHP Vitorio Méndez
Pitching: LHP Juan Méndez
Batting: RHB Pedro Santos 0-0: Fly out, F1 (Popup, 15S)
Batting: RHB Jarred Morgan 0-0: Fly out, F7 (Line Drive, 7S)
Batting: RHB Scotty Anderson 0-0: Ball
1-0: Ground out 6-3 (Groundball, 6M)
Top of the 4th over - 0 run(s), 0 hit(s), 0 error(s), 0 left on base; Syracuse 7 - South Beach 1
BOTTOM OF THE 4TH
South Beach Blaze batting - Pitching for Syracuse Storm : RHP José Gutiérrez
Batting: RHB Randy Rehling 0-0: Called Strike
0-1: Ball
1-1: Ball
2-1: Swinging Strike
2-2: Strikes out swinging
Batting: RHB Júlio Molina 0-0: Ball
1-0: Called Strike
1-1: Fly out, F6 (Popup, 56)
Batting: SHB Miguel Pérez 0-0: Called Strike
0-1: Foul Ball, location: 2F
0-2: Ball
1-2: Ball
2-2: Foul Ball, location: 2F
2-2: Foul Ball, location: 2F
2-2: Ball
3-2: TRIPLE (Line Drive, 8RM)
Batting: LHB Gregg Young 0-0: Called Strike
0-1: Ball
1-1: Ball
2-1: Swinging Strike
2-2: Foul Ball, location: 2F
2-2: Foul Ball, location: 2F
2-2: Fly out, F7 (Popup, 5D)
Bottom of the 4th over - 0 run(s), 1 hit(s), 0 error(s), 1 left on base; Syracuse 7 - South Beach 1
TOP OF THE 5TH
Syracuse Storm batting - Pitching for South Beach Blaze : LHP Juan Méndez
Batting: LHB Mario Ramos 0-0: Ball
1-0: Ball
2-0: Ground out 6-3 (Groundball, 6M)
Batting: SHB Arnold Cramer 0-0: Foul Ball, location: 2F
0-1: Fly out, F9 (Flyball, 8RM)
Batting: RHB Jorge López 0-0: Called Strike
0-1: Foul Ball, location: 2F
0-2: Foul Ball, location: 2F
0-2: Ball
1-2: Fly out, F8 (Line Drive, 8LM)
Top of the 5th over - 0 run(s), 0 hit(s), 0 error(s), 0 left on base; Syracuse 7 - South Beach 1
BOTTOM OF THE 5TH
South Beach Blaze batting - Pitching for Syracuse Storm : RHP José Gutiérrez
Batting: RHB Ted Cook 0-0: Ball
1-0: Ball
2-0: Called Strike
2-1: Foul Ball, location: 2F
2-2: Strikes out swinging
Batting: RHB Jorge Maestas 0-0: Called Strike
0-1: Foul Ball, location: 2F
0-2: Hit by Pitch
Batting: LHB Tomás Mejía 0-0: Fly out, F9 (Flyball, 89M)
0-0: Fly out, F9 (Flyball, 89M)
Batting: RHB León Domínguez 0-0: Ball
Jorge Maestas is caught stealing 2nd base
Bottom of the 5th over - 0 run(s), 0 hit(s), 0 error(s), 0 left on base; Syracuse 7 - South Beach 1
TOP OF THE 6TH
Syracuse Storm batting - Pitching for South Beach Blaze : LHP Juan Méndez
Batting: RHB Juan Salinas 0-0: Ball
1-0: Ball
2-0: Ground out 6-3 (Groundball, 6)
Batting: LHB Joaquín Rangel 0-0: Swinging Strike
0-1: Ball
1-1: Ball
2-1: Ball
3-1: Called Strike
3-2: Foul Ball, location: 2F
3-2: Strikes out swinging
Batting: RHB Carlos Maldonado 0-0: Called Strike
0-1: Ball
1-1: Swinging Strike
1-2: SINGLE (Line Drive, 7S)
Batting: RHB Pedro Santos 0-0: Called Strike
0-1: Ground out 5-3 (Groundball, 56)
Top of the 6th over - 0 run(s), 1 hit(s), 0 error(s), 1 left on base; Syracuse 7 - South Beach 1
BOTTOM OF THE 6TH
South Beach Blaze batting - Pitching for Syracuse Storm : RHP José Gutiérrez
Batting: RHB León Domínguez 0-0: Ball
1-0: Ground out 5-3 (Groundball, 5)
Batting: RHB Lloyd Alberink 0-0: Called Strike
0-1: Foul Ball, location: 2F
0-2: Foul Ball, location: 2F
0-2: Fly out, F9 (Flyball, 89M)
Batting: RHB Randy Rehling 0-0: Fly out, F9 (Flyball, 9M)
Bottom of the 6th over - 0 run(s), 0 hit(s), 0 error(s), 0 left on base; Syracuse 7 - South Beach 1
TOP OF THE 7TH
Syracuse Storm batting - Pitching for South Beach Blaze : LHP Juan Méndez
Batting: RHB Jarred Morgan 0-0: Foul Ball, location: 2F
0-1: Foul Ball, location: 2F
0-2: Ball
1-2: Strikes out swinging
Batting: RHB Scotty Anderson 0-0: Foul Ball, location: 2F
0-1: Ground out 5-3 (Groundball, 56)
Batting: LHB Mario Ramos 0-0: Ball
1-0: Ball
2-0: Ball
3-0: Base on Balls
Batting: SHB Arnold Cramer 0-0: Ball
1-0: Fly out, F8 (Flyball, 8RS)
Top of the 7th over - 0 run(s), 0 hit(s), 0 error(s), 1 left on base; Syracuse 7 - South Beach 1
BOTTOM OF THE 7TH
South Beach Blaze batting - Pitching for Syracuse Storm : RHP José Gutiérrez
Batting: RHB Júlio Molina 0-0: Ball
1-0: Fly out, F9 (Flyball, 9LS)
Batting: SHB Miguel Pérez 0-0: Ball
1-0: Ball
2-0: Ball
3-0: Called Strike
3-1: Base on Balls
Batting: LHB Gregg Young 0-0: Fly out, F2 (Popup, 2LF)
Batting: RHB Ted Cook 0-0: Ball
1-0: Ball
2-0: Called Strike
2-1: Called Strike
2-2: Strikes out swinging
Bottom of the 7th over - 0 run(s), 0 hit(s), 0 error(s), 1 left on base; Syracuse 7 - South Beach 1
TOP OF THE 8TH
Syracuse Storm batting - Pitching for South Beach Blaze : LHP Juan Méndez
Batting: RHB Jorge López 0-0: Ball
1-0: SINGLE (Line Drive, 56)
Batting: RHB Juan Salinas 0-0: Bunted foul
0-1: Sac Bunt - play at first, batter OUT! 1-4
Jorge López to second
Batting: LHB Joaquín Rangel 0-0: Called Strike
0-1: Ground out 5-3 (Groundball, 5S)
Jorge López to third
Batting: RHB Carlos Maldonado 0-0: Ball
Balk!
Jorge López scores
1-0: Reached on error, E5 (Groundball, 5)
Batting: RHB Pedro Santos 0-0: Ball
1-0: Swinging Strike
1-1: Ball
2-1: Foul Ball, location: 2F
2-2: Fielders Choice at 2nd, 6-4 (Groundball, 6S)
Top of the 8th over - 1 run(s), 1 hit(s), 1 error(s), 0 left on base; Syracuse 8 - South Beach 1
BOTTOM OF THE 8TH
South Beach Blaze batting - Pitching for Syracuse Storm : RHP José Gutiérrez
Pitching: RHP Jim Unknown
Batting: RHB Jorge Maestas 0-0: Ball
1-0: Ball
2-0: Fly out, F8 (Flyball, 8RM)
Batting: LHB Tomás Mejía 0-0: Fly out, F3 (Line Drive, 3)
Batting: RHB León Domínguez 0-0: Called Strike
0-1: Ball
1-1: Ball
2-1: Foul Ball, location: 2F
2-2: Foul Ball, location: 2F
2-2: Strikes out swinging
Bottom of the 8th over - 0 run(s), 0 hit(s), 0 error(s), 0 left on base; Syracuse 8 - South Beach 1
TOP OF THE 9TH
Syracuse Storm batting - Pitching for South Beach Blaze : LHP Juan Méndez
Pitching: RHP Pedro Lara
Batting: RHB Jarred Morgan 0-0: Ball
1-0: Ball
2-0: Foul Ball, location: 2F
2-1: Swinging Strike
2-2: Strikes out swinging
Batting: RHB Scotty Anderson 0-0: Ball
1-0: Called Strike
1-1: Ball
2-1: Ball
3-1: Fly out, F6 (Popup, 6MD)
Batting: LHB Mario Ramos 0-0: Called Strike
0-1: Ball
1-1: Ball
2-1: Ball
3-1: Called Strike
3-2: Base on Balls
Batting: SHB Arnold Cramer 0-0: Called Strike
0-1: Called Strike
0-2: Ball
1-2: Foul Ball, location: 2F
1-2: Ball
2-2: Strikes out swinging
Top of the 9th over - 0 run(s), 0 hit(s), 0 error(s), 1 left on base; Syracuse 8 - South Beach 1
BOTTOM OF THE 9TH
South Beach Blaze batting - Pitching for Syracuse Storm : RHP Jim Unknown
Batting: RHB Lloyd Alberink 0-0: Ball
1-0: Ball
2-0: Ground out 6-3 (Groundball, 6)
Batting: RHB Randy Rehling 0-0: Called Strike
0-1: Ground out 5-3 (Groundball, 5S)
Batting: RHB Júlio Molina 0-0: Ball
1-0: Ball
2-0: Called Strike
2-1: Called Strike
2-2: Ball
3-2: Foul Ball, location: 2F
3-2: Strikes out swinging
Bottom of the 9th over - 0 run(s), 0 hit(s), 0 error(s), 0 left on base; Syracuse 8 - South Beach 1
This league is powered by Out of the Park Baseball, the baseball management simulation game for PC, Mac and Linux
Friday, October 23rd, 2015 - OOTP Baseball 16.9 Build 39